 Dungeon Crawl Stone Soup version 0.29.1-2-gbd0b4ee654 (webtiles) character file.

Game seed: 8848975512748506261

57 Icepheonix32 the Grave Robber (level 3, -2/39 HPs)
             Began as a Demigod Necromancer on Nov 2, 2022.
             Slain by a gnoll
             ... wielding a +0 halberd
              (9 damage)
             ... on level 2 of the Dungeon.
             The game lasted 00:02:42 (1844 turns).

Icepheonix32 the Grave Robber (Demigod Necromancer) Turns: 1844, Time: 00:02:42

Health: -2/39      AC:  3    Str:  9    XL:     3   Next: 50%
Magic:  4/8        EV: 11    Int: 17    God:
Gold:   192        SH:  5    Dex: 18    Spells: 4/5 levels left

rFire   . . .      SeeInvis .   h - staff of conjuration
rCold   . . .      Faith    .   (no shield)
rNeg    . . .      Spirit   .   m - +0 leather armour
rPois   .          Reflect  +   (no helmet)
rElec   .          Harm     .   (no cloak)
rCorr   .          Rampage  .   (no gloves)
Will    .....                   (no boots)
Stlth   ..........              c - amulet of reflection
HPRegen 0.13/turn               (no ring)
MPRegen 0.11/turn               (no ring)

@: berserking, very quick
A: high MP 1, forlorn, divine attributes
a: no special abilities


You were on level 2 of the Dungeon.
You visited 1 branch of the dungeon, and saw 2 of its levels.

You collected 192 gold pieces.

Inventory:

Hand Weapons
 e - a +0 spear
Armour
 a - a +0 robe
 m - a +0 leather armour (worn)
Magical Staves
 h - a staff of conjuration (weapon)
Jewellery
 c - an amulet of reflection (around neck)
Scrolls
 f - a scroll of fog {unknown}
 g - 3 scrolls of identify {unknown}
 i - a scroll of immolation {unknown}
 k - a scroll of torment {unknown}
 n - a scroll of magic mapping {unknown}
Potions
 b - a potion of magic
 d - a potion of curing {unknown}
 l - 2 potions of degeneration {unknown}


   Skills:
 - Level 1.7 Dodging
 - Level 1.7 Stealth
 - Level 1.7 Spellcasting
 + Level 4.8 Necromancy
 * Level 0.7 Evocations


You had 4 spell levels left.
You knew the following spells:

 Your Spells              Type           Power      Damage    Failure   Level
a - Necrotise             Necr           68%        1d7       3%          1

Your spell library contained the following spells:

 Spells                   Type           Power      Damage    Failure   Level
 Vampiric Draining        Necr           17%        2d7       12%         3
 Animate Dead             Necr           17%        N/A       36%         4
 Stone Arrow              Conj/Erth      4%         3d7       63%         3
 Animate Armour           Summ/Erth      2%         N/A       95%         4
 Agony                    Necr           17%        N/A       71%         5
 Lehudib's Crystal Spear  Conj/Erth      1%         10d2      100%        8


Dungeon Overview and Level Annotations

Branches:
Dungeon (2/15)


Innate Abilities, Weirdness & Mutations

You have an increased reservoir of magic. (+10% MP)
You shall have no god before yourself.
Your divine heritage dramatically boosts your attributes as you level up.


Message History

A gnoll comes into view. It is wielding a +0 halberd.
The gnoll writhes in agony.
The gnoll barely resists.
The gnoll shouts!
The gnoll writhes in agony.
The gnoll writhes in agony.
The gnoll shouts!
The gnoll attacks as you move away! You block the gnoll's attack.
The gnoll attacks as you move away! The gnoll hits you with a +0 whip.
The gnoll attacks as you move away! The gnoll barely misses you.
The gnoll writhes in agony.
The gnoll hits you with a +0 whip.
The gnoll writhes in agony.
The gnoll hits you with a +0 whip.
The gnoll writhes in agony!
You kill the gnoll!
The dead are walking!
Something hits your gnoll skeleton. The gnoll attacks as you move away!
You block the gnoll's attack. The gnoll attacks as you move away!
The gnoll closely misses you. The gnoll attacks as you move away!
The gnoll hits you but does no damage.
It was a potion of berserk rage.
A red film seems to cover your vision as you go berserk!
You feel yourself moving faster!
You feel mighty!
The gnoll hits you with a +1 flail of protection!
You closely miss the gnoll. You hit the gnoll.
The gnoll is lightly wounded.
The gnoll hits you but does no damage.
You barely miss the gnoll.
The gnoll is lightly wounded.
The gnoll hits you with a +1 flail of protection.
* * * LOW HITPOINT WARNING * * *
You hit the gnoll.
The gnoll is moderately wounded.
The gnoll closely misses you. x2
You closely miss the gnoll.
The gnoll is moderately wounded.
Unknown command.
You barely miss the gnoll.
The gnoll is moderately wounded.
The gnoll hits you from afar with a +0 halberd!
You die...

.................# #...>.
.....##..........# ###.####
.....##..........# #...# #
.....##..........# #.### #
.....##..........# #.# #
.....##..........# #.#
....###..........# #(#####
....#####.......#####.# ##.....#
...g.)g.#......g@.....# #.####.#
...Z###.#.....g.#########.####.#
....# #.#.....g..##.......#....#
....# #.#.......###.####.###.###
....# #.#.......# #.####.....#
....# #.........# #.#...###### #
....# #############.#.#.# #
....# #.....<.#.### ### ....#
##.####.#...# #..


You could see 3 gnolls.

Vanquished Creatures
  A gnoll (D:2)
  An adder (D:2)
  A worm (D:2)
  A dart slug (D:1)
  3 endoplasms
  4 giant cockroaches
  4 hobgoblins
  3 jackals (D:1)
  A quokka (D:2)
  A ball python (D:1)
  4 bats
  A frilled lizard (D:1)
  A kobold (D:1)
  4 rats
30 creatures vanquished.

Vanquished Creatures (collateral kills)
  A jackal (D:1)
1 creature vanquished.

Grand Total: 31 creatures vanquished

Notes
Turn   | Place    | Note
-------+----------+-------------------------------------------
     0 | D:1      | Icepheonix32 the Demigod Necromancer began the quest for
                  | the Orb.
     0 | D:1      | Reached XP level 1. HP: 14/14 MP: 5/5
   165 | D:1      | Reached skill level 4 in Necromancy
   457 | D:1      | Reached XP level 2. HP: 20/20 MP: 1/7
  1154 | D:2      | Reached XP level 3. HP: 26/26 MP: 3/8
  1844 | D:2      | Slain by a gnoll

Illustrated notes

Levels and vault maps discovered:
D:1:      psy_arrival_conway, layout_rooms, amcnicky_mini_pool_small
D:2:      layout_basic, basic_ecumenical_altar, kennysheep_nondescript

Skill      XL: |  1 |
---------------+----+-----
Necromancy     | 4 |  4.8
Dodging        | |  1.7
Stealth        | |  1.7
Spellcasting   | |  1.7
Evocations     | |  0.7

Action                   || total
-------------------------++-------
Melee: Staff             ||    16
       Spear             ||     1
 Cast: Necrotise         ||    67
  Use: Potion            ||     1
Armor: Robe              ||     9
       Leather armour    ||     2
Dodge: Dodged            ||    20
Block: Other             ||     7
